 Dungeon Crawl Stone Soup version 0.28.0-43-g3370ac3207 (webtiles) character file.

Game seed: 10032631495045533456

833 bnorton916 the Chiller (level 7, -7/46 HPs)
             Began as a Barachi Ice Elementalist on Mar 22, 2022.
             Mangled by a shadow (23 damage)
             ... on level 5 of the Dungeon.
             The game lasted 00:14:26 (8767 turns).

bnorton916 the Chiller (Barachi Ice Elementalist)   Turns: 8767, Time: 00:14:27

Health: -7/46      AC: 12    Str: 12    XL:     7   Next: 98%
Magic:  3/13       EV: 12    Int: 18    God:
Gold:   215        SH:  0    Dex: 12    Spells: 0/14 levels left

rFire   + . .      SeeInvis .   e - staff of fire
rCold   . . .      Faith    .   (no shield)
rNeg    + . .      Spirit   .   s - +1 robe "Fionygh" {Contam rPois rN+ Str+3}
rPois   +          Reflect  .   m - +0 helmet
rElec   .          Harm     .   i - +0 cloak
rCorr   .          Rampage  .   (no gloves)
Will    .....                   (no boots)
Stlth   ++........              (no amulet)
HPRegen 0.15/turn               (no ring)
MPRegen 0.13/turn               (no ring)

@: ice-armoured, freezing walls, very slightly contaminated, slow
A: amphibious, slowness 1, strong legs 1, +LOS
a: Hop


You were on level 5 of the Dungeon.
You visited 1 branch of the dungeon, and saw 5 of its levels.

You collected 215 gold pieces.

Inventory:

Hand Weapons
 j - a +3 flail
Missiles
 d - 6 poisoned darts (quivered)
 f - 106 stones
 k - a throwing net
Armour
 a - a +0 robe
 i - a +0 cloak (worn)
 m - a +0 helmet (worn)
 s - the +1 robe "Fionygh" (worn) {Contam rPois rN+ Str+3}
   (You found it on level 5 of the Dungeon)

   Str:       It affects your strength (+3).
   rPois:     It protects you from poison.
   rN:        It protects you from negative energy.
   Contam:    It causes magical contamination when unequipped.
 u - a +0 buckler
Magical Staves
 e - a staff of fire (weapon)
Jewellery
 t - an amulet of regeneration
Wands
 p - a wand of acid (7)
 r - a wand of polymorph (9)
Scrolls
 b - 3 scrolls of identify
 n - a scroll of blinking
 o - a scroll of teleportation {unknown}
 q - a scroll of amnesia
Potions
 c - 2 potions of might {unknown}
 g - a potion of curing {unknown}
 h - 2 potions of degeneration {unknown}
 l - a potion of lignification


   Skills:
 - Level 2.1 Dodging
 - Level 1.7 Stealth
 - Level 4.4 Spellcasting
 + Level 5.9 Conjurations
 - Level 2.5 Fire Magic
 - Level 6.9 Ice Magic
 - Level 2.0 Evocations


You couldn't memorise any spells.
You knew the following spells:

 Your Spells              Type           Power      Damage    Failure   Level
a - Freeze                Ice            100%       1d11      1%          1
b - Frozen Ramparts       Ice            56%        1d7       2%          3
c - Ozocubu's Armour      Ice            28%        N/A       2%          3
d - Hailstorm             Conj/Ice       27%        3d7       10%         4
e - Mephitic Cloud        Conj/Pois/Air  11%        N/A       19%         3

Your spell library contained the following spells:

 Spells                   Type           Power      Damage    Failure   Level
 Ignite Poison            Fire/Tmut/Pois 10%        N/A       30%         3
 Iskenderun's Battlesphe  Conj           25%        2d8       34%         5
 Summon Guardian Golem    Hex/Summ       3%         N/A       38%         3
 Freezing Cloud           Conj/Ice/Air   9%         6-21      56%         5
 Iron Shot                Conj/Erth      7%         9d2       100%        6
 Orb of Destruction       Conj           12%        9d7       100%        7
 Spellforged Servitor     Conj/Summ      7%         N/A       100%        7


Dungeon Overview and Level Annotations

Branches:
Dungeon (5/15)             Temple (0/1) D:5

Altars:
Dithmenos
Sif Muna


Innate Abilities, Weirdness & Mutations

You are amphibious.
You cover ground slowly.
You can hop short distances.
You have an extended range of vision and can be seen from far away.


Message History

The shadow completely resists.
The wall freezes the shadow but does no damage.
The shadow hits you.
Unknown command.
You hit the shadow.
The shadow is lightly damaged.
The shadow completely resists.
The wall freezes the shadow but does no damage.
The shadow closely misses you.
You barely miss the shadow.
The shadow is lightly damaged.
The shadow completely resists.
The wall freezes the shadow but does no damage.
The shadow closely misses you.
You barely miss the shadow.
The shadow is lightly damaged.
The shadow completely resists.
The wall freezes the shadow but does no damage.
The shadow barely misses you.
You hit the shadow.
The shadow is lightly damaged.
The shadow completely resists.
The wall freezes the shadow but does no damage.
The shadow hits you.
The shadow completely resists.
The wall freezes the shadow but does no damage.
The shadow slips into darkness.
The shadow flickers and vanishes!
Deactivating autopickup; reactivate with Ctrl-A.
Your icy armour and frozen ramparts will break if you move.
Continue? [Y]es or [N]o only, please.
Your icy armour and frozen ramparts will break if you move.
Continue? [Y]es or [N]o only, please.
Your icy armour and frozen ramparts will break if you move.
Continue? [Y]es or [N]o only, please.
Your icy armour and frozen ramparts will break if you move.
Continue?
You hit something.
The wall freezes something but does no damage.
The shadow strikes at you from the darkness!
Ouch! That really hurt!
You die...

♣♣#..#..........#
≈♣♣..#..........#
≈P♣♣.#..........#
≈≈♣♣.'..........#
≈♣♣♣.#..........# ≈♣
♣.#..........#
≈≈♣♣.###'#......# ...
≈≈♣...#..#......######...
≈P♣...#..#......@{..(....
≈♣#####..#...........(...
≈ ####............(.(
#...............
#...............
#...............
#...............
#...............
#...............


There were no monsters in sight!

Vanquished Creatures
  A yak (D:5)
  A necrophage (D:3)
  A centaur (D:5)
  A phantom (D:4)
  A howler monkey (D:5)
  A centaur skeleton (D:5)
  A hound (D:4)
  2 bullfrog zombies (D:5)
  A bullfrog skeleton (D:4)
  Crazy Yiuf (D:2)
  A scorpion zombie (D:5)
  Robin (D:4)
  4 adders
  4 gnolls (D:4)
  A howler monkey skeleton (D:5)
  2 ufetubi
  3 worms
  6 orcs
  7 ball pythons
  4 bats
  6 endoplasms
  3 giant cockroaches
  8 hobgoblins
  6 jackals (D:2)
  5 kobolds
  4 quokkas
  2 frilled lizards
  16 goblins
  4 rats
98 creatures vanquished.

Vanquished Creatures (others)
  A fungus (D:2)
1 creature vanquished.

Grand Total: 99 creatures vanquished

Notes
Turn   | Place    | Note
-------+----------+-------------------------------------------
     0 | D:1      | bnorton916 the Barachi Ice Elementalist began the quest for
                  | the Orb.
     0 | D:1      | Reached XP level 1. HP: 13/13 MP: 3/3
   420 | D:1      | Reached skill level 5 in Ice Magic
   550 | D:1      | Reached XP level 2. HP: 19/19 MP: 2/5
  1371 | D:1      | Found a faded altar of an unknown god.
  1515 | D:2      | Reached XP level 3. HP: 20/24 MP: 1/7
  1744 | D:2      | Learned a level 3 spell: Frozen Ramparts
  1748 | D:2      | Learned a level 3 spell: Ozocubu's Armour
  2383 | D:2      | Found a shimmering blue altar of Sif Muna.
  2406 | D:2      | Reached XP level 4. HP: 16/30 MP: 5/9
  3096 | D:2      | Found a runed translucent door.
  3097 | D:2      | Noticed Crazy Yiuf
  3104 | D:2      | Killed Crazy Yiuf
  3105 | D:2      | Reached skill level 6 in Ice Magic
  3451 | D:3      | Noticed a necrophage
  3479 | D:3      | Killed a necrophage
  3480 | D:3      | Reached XP level 5. HP: 21/35 MP: 2/11
  3663 | D:3      | Learned a level 4 spell: Hailstorm
  4731 | D:4      | Noticed Robin
  4738 | D:4      | Killed Robin
  4739 | D:4      | Reached XP level 6. HP: 40/41 MP: 8/12
  4742 | D:4      | Reached skill level 1 in Conjurations
  4744 | D:4      | Reached skill level 1 in Fire Magic
  5057 | D:4      | Reached skill level 1 in Evocations
  6665 | D:5      | Entered Level 5 of the Dungeon
  6693 | D:5      | Found a staircase to the Ecumenical Temple.
  6734 | D:5      | Reached XP level 7. HP: 45/46 MP: 7/13
  7605 | D:5      | Found a shadowy altar of Dithmenos.
  7732 | D:5      | Noticed a yak
  7740 | D:5      | Killed a yak
  7741 | D:5      | Reached skill level 5 in Conjurations
  8111 | D:5      | Learned a level 3 spell: Mephitic Cloud
  8128 | D:5      | Identified the +1 robe "Fionygh" {Contam rPois rN+ Str+3}
  8679 | D:5      | Noticed a shadow
  8767 | D:5      | Mangled by a shadow

Illustrated notes

Levels and vault maps discovered:
D:1:      minmay_arrival_diagonal_passages, layout_loops_corners,
          ebering_ecumenical_altar_ruins
D:2:      layout_loops_ring, basic_altar, uniq_crazy_yiuf_cottage
D:3:      layout_basic
D:4:      layout_rooms, patterned_corridor, uniq_robin
D:5:      layout_gridville, mainiacjoe_overflow_alcove_4,
          minmay_temple_entry_from_below_a, serial_bayou_ford_a,
          minmay_small_thing

Skill      XL: |  1  2  3  4  5  6  7 |
---------------+----------------------+-----
Ice Magic      | 5 6 |  6.9
Spellcasting   | 3 4 |  4.4
Conjurations   | 2 5 |  5.9
Fire Magic     | 2 |  2.5
Evocations     | 2 |  2.0
Dodging        | |  2.1
Stealth        | |  1.7

Action                   |  1- 3 |  4- 6 |  7- 9 || total
-------------------------+-------+-------+-------++-------
Melee: Unarmed           |     3 |       |       ||     3
       Staff             |       |   103 |    95 ||   198
       Punch             |       |     3 |       ||     3
Throw: Dart              |       |       |     5 ||     5
 Cast: Freeze            |    42 |    25 |       ||    67
       Frozen Ramparts   |     3 |    26 |    10 ||    39
       Ozocubu's Armour  |       |     5 |     7 ||    12
 Abil: Hop               |     1 |       |     1 ||     2
  Use: Scroll            |       |     3 |     2 ||     5
       Potion            |       |     2 |       ||     2
 Stab: Sleeping          |     1 |       |       ||     1
Armor: Robe              |     7 |    37 |    62 ||   106
       Skin              |       |    37 |       ||    37
Dodge: Dodged            |    34 |    80 |    71 ||   185
